zoologist, lawful male human Archeologist -------- |<..../| |......+ --.-.--- ######### @ G ### # @ W@ # ### #)# # # | e # #### S .........{.- G G #)### # @ S -----[-.-.- |.........| @ @ |......%...##@# |......)..| @ |.......... G ----------- zoologist the Investigator Experience level: 9 Strength: 12 Dexterity: 12 Constitution: 16 Intelligence: 15 Wisdom: 16 Charisma: 10 Health: 8(61) Energy: 57(57) Def: 10 Gold: 0 Moves: 11484 Dungeon seed: P51V3jcNFbiSwzVW Game ID: zoologist_1526481475 Your Inventory: Weapons a - a +2 bullwhip n - the blessed +2 Grayswandir (weapon in hand) x - 8 cursed -1 darts G - the rustproof +0 Dragonbane L - 14 +0 darts (in quiver) Armor e - an uncursed +0 dwarvish cloak (being worn) r - an uncursed +0 pair of leather gloves (being worn) y - an uncursed +0 Uruk-hai shield (being worn) z - an uncursed +0 pair of kicking boots (being worn) I - an uncursed +0 pair of leather gloves K - a blessed +1 helmet (being worn) N - an uncursed +0 elven mithril-coat (being worn) Comestibles i - 2 uncursed slime molds t - an uncursed pancake M - 2 uncursed fortune cookies O - an uncursed cram ration Scrolls c - an uncursed scroll of fire h - an uncursed scroll of scare monster w - an uncursed scroll of light C - a blessed scroll of earth D - an uncursed scroll of earth Potions V - an uncursed potion of gain level Rings f - an uncursed ring of polymorph control A - an uncursed ring of polymorph control Q - an uncursed ring of regeneration Wands j - a blessed wand of speed monster (0:4) k - a wand of secret door detection (0:13) m - a cursed wand of probing (0:6) o - a wand of create monster (0:12) u - a wand of striking (0:4) v - a wand of striking (0:3) B - a blessed wand of cold (0:4) H - a wand of death (1:5) T - a wand of polymorph (0:6) X - a wand of sleep (0:5) Tools d - a tinning kit (0:41) g - a blessed oil lamp (lit) (0:687) l - an uncursed blindfold (being worn) p - an uncursed credit card s - a blessed bag of holding E - an uncursed pair of lenses F - 2 uncursed tallow candles (0:200) R - a +0 unicorn horn U - an uncursed credit card W - an uncursed leash Z - an uncursed tin whistle Gems b - an uncursed worthless piece of blue glass q - an uncursed touchstone P - an uncursed worthless piece of black glass S - an uncursed fluorite stone Y - 2 uncursed worthless pieces of white glass Contents of the bag of holding: an uncursed +2 helm of brilliance a cursed -2 mummy wrapping an uncursed C-ration 9 uncursed food rations an uncursed potion of booze an uncursed potion of gain ability a potion of holy water a blessed potion of invisibility an uncursed +0 ring of adornment an uncursed ring of fire resistance an uncursed ring of regeneration an uncursed ring of stealth a wand of sleep (0:4) Spells and supernatural/magical abilities: Name Level Category Fail Memory h - healing 1 healing 100% 69% l - light 1 divination 100% 55% M - magic mapping 5 divination 100% 58% W - pray for help -- divine ? -- Your skills at the end: Fighting Skills Weapon Skills pick-axe [Basic] saber [Expert] dart [Basic] whip [Basic] Spellcasting Skills Final Attributes: You were piously aligned. You resisted hallucinations. You were telepathic. You were stealthy. You were fast. You were unlucky. You are dead. Vanquished creatures: a ghost 2 giant mimics a large mimic 2 small mimics a wood golem 2 leather golems a soldier a crocodile a giant beetle a quivering blob a wolf 2 lynxes 2 panthers a leprechaun 2 orc-captains 2 iron piercers a giant spider 2 orc mummies a brown pudding 2 owlbears a yeti a werewolf 2 lizards 4 chickatrices 2 dingos a black unicorn a human zombie a rope golem a bugbear an imp a rock piercer a pony 2 fog clouds a yellow light 3 shriekers a violet fungus 3 gnome lords 2 gnomish wizards 3 red naga hatchlings 2 gray oozes a ghoul a straw golem 6 giant ants a little dog a floating eye a kitten 2 dwarves 2 homunculi 2 kobold lords 16 hill orcs 8 rothes 2 giant bats a monkey 3 orc zombies 4 dwarf zombies a wererat a werejackal 4 iguanas 2 acid blobs 6 coyotes 3 gas spores 2 hobbits 6 manes 3 large kobolds a hobgoblin 15 giant rats 6 cave spiders 4 brown molds 3 yellow molds 2 green molds 3 red molds 18 gnomes 11 garter snakes a gnome zombie 8 geckos 14 jackals 3 foxes a kobold 9 goblins 2 sewer rats 15 grid bugs a bat 6 lichens a kobold zombie 11 newts 277 creatures vanquished. Voluntary challenges: You used a wielded weapon 287 times, starting on turn 18. You read items or engraved 61 times, starting on turn 950. You never genocided any monsters. You never polymorphed an object. You never changed form. You used 1 wish, starting on turn 1236. You wished for your your first artifact on turn 1236. You never split a pudding. You wrote Elbereth's name 14 times, starting on turn 951. You violated your moral code, losing 15 points of alignment, starting on turn 11484. Dungeon overview: The Dungeons of Doom: levels 1 to 10 Level 1 a long staircase Level 2 an altar to Quetzalcoatl, a fountain, a sink Level 3 a sink Level 4 a fountain stairs to The Gnomish Mines Level 5 some fountains Level 6 a fountain Level 7 a general store, a fountain Level 8 Level 9 many fountains Level 10 a temple to Quetzalcoatl, a fountain stairs to Sokoban The Gnomish Mines: levels 5 to 8 Level 5 stairs to The Dungeons of Doom Level 6 Level 7 Level 8 <- You were here a fountain Sokoban: levels 6 to 9 Level 6 Level 7 Level 8 Level 9 stairs to The Dungeons of Doom History has recorded: On T:1 you entered the Dungeons of Doom to retrieve the Amulet of Yendor! On T:816 you advanced to experience level 2. On T:836 you reached level 2 of The Dungeons of Doom. On T:1236 you wished for "blessed +2 Grayswandir". On T:1255 you reached level 3 of The Dungeons of Doom. On T:1337 you advanced to experience level 3. On T:1787 you advanced to experience level 4. On T:2054 you reached level 4 of The Dungeons of Doom. On T:2301 you reached level 5 of The Dungeons of Doom. On T:2620 you advanced to experience level 5. On T:3241 you reached level 6 of The Dungeons of Doom. On T:3458 you reached level 7 of The Dungeons of Doom. On T:3977 you advanced to experience level 6. On T:4680 you reached level 8 of The Dungeons of Doom. On T:4784 you reached level 9 of The Dungeons of Doom. On T:4829 you advanced to experience level 7. On T:5021 you reached level 10 of The Dungeons of Doom. On T:6002 you reached level 4 of Sokoban. On T:6462 you reached level 3 of Sokoban. On T:7308 you reached level 2 of Sokoban. On T:7679 you advanced to experience level 8. On T:7779 you reached level 1 of Sokoban. On T:10342 you reached level 1 of The Gnomish Mines. On T:10448 you advanced to experience level 9. On T:10815 you reached level 2 of The Gnomish Mines. On T:11294 you reached level 3 of The Gnomish Mines. On T:11325 you reached level 4 of The Gnomish Mines. Score breakdown: Gold: 0 ( 0 points) Experience: 9 levels (15756 points) Exploration: 10 levels ( 20.00%) (12857 points) Discoveries: 28 items ( 9.40%) ( 9195 points) Valuables value: (no points given unless you survive) Artifact value: 8500 (13366 points) Variety of kills: 85 monsters ( 22.31%) (14169 points) Turncount: 11484 turns (-2583 points) Survival: died (score multiplied by 80%) Total score: 50208 Latest messages: You feel here a partly eaten jackal corpse. You resume your meal. You finish eating the jackal corpse. You try to feel what is lying here on the floor. You feel here a tin. You have a little trouble lifting L - a dart (in quiver). You displace your pony. You hear some noises. You hit the owlbear. The owlbear hits! (2x) The owlbear grabs you! You cannot escape from the owlbear! The owlbear hits! (2x) You are being crushed. You kill the owlbear! You kill the poor pony! You hear the rumble of distant thunder... The death ray hits you! Asidonhopo comes and takes all your possessions. Final status: Goodbye zoologist the Archeologist, killed by a death ray... You died in The Gnomish Mines on dungeon level 8 with 50208 points, and 0 pieces of gold, after 11484 moves. You were level 9 with a maximum of 61 hit points when you died.